 Dungeon Crawl Stone Soup version 0.28.0-53-g5a82cb258f (webtiles) character file.

Game seed: 2416825652290014091

238 Infinimo the Skirmisher (level 6, 0/66 HPs)
             Began as an Ogre Berserker on June 4, 2022.
             Was a Believer of Trog.
             Slain by a scorpion (4 damage)
             ... on level 4 of the Dungeon.
             The game lasted 00:02:08 (3191 turns).

Infinimo the Skirmisher (Ogre Berserker)            Turns: 3191, Time: 00:02:08

Health: 0/66       AC:  4    Str: 24    XL:     6   Next: 7%
Magic:  6/6        EV: 10    Int:  8    God:    Trog [**....]
Gold:   64         SH:  0    Dex:  8    Spells: 5/5 levels left

rFire   . . .      SeeInvis .   e - +1 dagger (elec)
rCold   . . .      Faith    .   (no shield)
rNeg    . . .      Spirit   .   b - +1 animal skin
rPois   .          Reflect  .   (helmet restricted)
rElec   .          Harm     .   (no cloak)
rCorr   .          Rampage  .   (gloves unavailable)
Will    ++...                   (boots unavailable)
Stlth   +.........              (no amulet)
HPRegen 1.21/turn               (no ring)
MPRegen 0.10/turn               (no ring)

@: lethally poisoned (0 -> -2), strong-willed (expiring), on berserk cooldown,
regenerating (expiring), slowed, very slow
A: large, unfitting armour, tough skin 1
a: Renounce Religion, Berserk, Trog's Hand


You were on level 4 of the Dungeon.
You worshipped Trog.
Trog was pleased with you.
You visited 1 branch of the dungeon, and saw 4 of its levels.

You collected 64 gold pieces.

Inventory:

Hand Weapons
 a - a +0 mace
 e - a +1 dagger of electrocution (weapon)
Armour
 b - a +1 animal skin (worn)
Jewellery
 n - a ring of protection from cold
Potions
 f - a potion of magic
 h - a potion of cancellation {unknown}
 i - a potion of brilliance {unknown}
 m - a potion of mutation {unknown}


   Skills:
 + Level 5.5 Fighting
 * Level 4.6 Maces & Flails
 + Level 3.7 Dodging


You had 5 spell levels left.
You didn't know any spells.
Your spell library was empty.

Dungeon Overview and Level Annotations

Branches:
Dungeon (4/15)
 Temple: D:4-7

Altars:
Makhleb
Zin


Innate Abilities, Weirdness & Mutations

You are too large for most types of armour.
You have tough skin. (AC +1)


Message History

The scorpion barely misses you.
Okay, then.
Your skin crawls.
You feel strong-willed. The scorpion stings you. x2
The scorpion stings you. The orc hits you with a +0 short sword.
The scorpion stings you. The orc closely misses you.
The scorpion stings you but does no damage.
You barely miss the orc. The scorpion barely misses you.
An orc comes into view. It is wielding a +0 club.
The scorpion stings you. The orc hits you with a +0 short sword.
You barely miss the orc.
You feel the effects of Trog's Hand fading.
The orc shouts!
The scorpion stings you.
You are poisoned.
The scorpion poisons you! Something hits you. The orc barely misses you.
The scorpion closely misses you. Something hits you.
* * * LOW HITPOINT WARNING * * *
You closely miss the scorpion.
The scorpion is lightly wounded.
You feel very sick. The scorpion stings you.
* * * LOW HITPOINT WARNING * * *
The orc hits you but does no damage. Something hits you.
* * * LOW HITPOINT WARNING * * *
The scorpion completely misses you. The orc completely misses you.
Unknown command.
You closely miss the scorpion.
The scorpion is lightly wounded.
You feel very sick. Something hits you.
* * * LOW HITPOINT WARNING * * *
The scorpion misses you. The orc hits you with a +0 short sword.
* * * LOW HITPOINT WARNING * * *
Something hits you.
* * * LOW HITPOINT WARNING * * *
The scorpion stings you.
You die...

##### #ho@#
#..s# . #..o#
.. #...# o..
#...# ....
#...# ......
#...#####.....>
#..))..h..{....
#..............


You could see a black bear, a scorpion and 2 orcs.

Vanquished Creatures
  2 scorpions
  A water moccasin skeleton (D:4)
  3 adders
  5 dart slugs
  2 orcs (D:4)
  4 ball pythons
  4 endoplasms
  A giant cockroach (D:2)
  5 goblins
  5 hobgoblins
  2 quokkas
  3 bats
  A frilled lizard (D:1)
  3 kobolds
  2 rats
43 creatures vanquished.

Notes
Turn   | Place    | Note
-------+----------+-------------------------------------------
     0 | D:1      | Infinimo the Ogre Berserker began the quest for the Orb.
     0 | D:1      | Reached XP level 1. HP: 24/24 MP: 1/1
    13 | D:1      | Found a faded altar of an unknown god.
   402 | D:1      | Reached XP level 2. HP: 24/32 MP: 2/2
  1032 | D:2      | Reached XP level 3. HP: 29/40 MP: 3/3
  2016 | D:3      | Found a burning altar of Makhleb.
  2038 | D:3      | Noticed a scorpion
  2045 | D:3      | Killed a scorpion
  2046 | D:3      | Reached XP level 4. HP: 49/49 MP: 4/4
  2448 | D:3      | Found a glowing silver altar of Zin.
  2538 | D:3      | Reached ** piety under Trog
  2606 | D:3      | Reached skill level 5 in Fighting
  2606 | D:3      | Reached XP level 5. HP: 57/57 MP: 5/5
  2981 | D:4      | Reached XP level 6. HP: 53/66 MP: 6/6
  3176 | D:4      | Noticed a black bear
  3191 | D:4      | Slain by a scorpion

Illustrated notes

Levels and vault maps discovered:
D:1:      sevenhm_arrival_forest_fort_small_5, layout_basic,
          basic_ecumenical_altar, hangedman_glass_teeth, minivault_25,
          due_unseen_surprise
D:2:      layout_basic
D:3:      layout_loops_ring, mainiacjoe_overflow_cross_hatched,
          lemuel_round_altar, hangedman_feature_mirror
D:4:      layout_basic, uniq_robin

Skill      XL: |  1  2  3  4 |
---------------+-------------+-----
Maces & Flails | 3 4 |  4.6
Dodging        | 3 |  3.7
Fighting       | 5 |  5.5

Action                   |  1- 3 |  4- 6 || total
-------------------------+-------+-------++-------
Melee: Mace              |    15 |       ||    15
       Dagger            |    57 |    65 ||   122
       Punch             |     1 |       ||     1
Invok: Berserk           |     1 |     2 ||     3
       Trog's Hand       |       |     1 ||     1
  Use: Scroll            |       |     6 ||     6
Armor: Animal skin       |    19 |    18 ||    37
Dodge: Dodged            |    35 |    48 ||    83
